 Dungeon Crawl Stone Soup version 0.24-a0-584-g9d6b971 (webtiles) character file.

Game seed: 4606807041207573651, levelgen mode: deterministic

181703 COBRA the Severer (level 17, -4/137 HPs)
             Began as a Barachi Fighter on Sept 5, 2019.
             Was the Champion of Okawaru.
             Succumbed to a swamp dragon's poison gas
             ... on level 4 of the Swamp on Sept 6, 2019.
             The game lasted 00:57:33 (13861 turns).

COBRA the Severer (Barachi Fighter)                Turns: 13861, Time: 00:57:33

Health: -4/137     AC: 41    Str: 24    XL:     17   Next: 95%
Magic:  24/24      EV:  7    Int: 11    God:    Okawaru [******]
Gold:   1434       SH: 22    Dex: 13    Spells: 16/16 levels left

rFire    + + +     SeeInvis .   p - +7 broad axe of the Imperium {freeze, rF+ rN+ Dex-2}
rCold    + + +     Gourm    .   O - +1 large shield {rC+ rF+}
rNeg     + . .     Faith    .   R - +5 crystal plate armour
rPois    +         Spirit   .   K - +0 helmet "Sumuh" {Regen+ Int+2}
rElec    +         Reflect  .   r - +2 cloak {+Inv}
rCorr    +         Harm     .   m - +2 pair of gloves of Cuyl {rF+ rCorr Str-2}
MR       ++...                  e - +0 pair of boots
Stlth    ..........             (no amulet)
HPRegen  0.72/turn              x - +5 ring of strength
MPRegen  0.19/turn              I - ring of protection from cold

@: lethally poisoned (-4 -> -45), resistant, can't hop, slow
A: +LOS, swims, hooves 1, yellow scales 1, magic resistance 1, sense
surroundings 1, slowness 1, strong legs 2
}: 1/15 runes: gossamer
a: Hop, Heroism, Finesse, Renounce Religion, Evoke Invisibility


You were on level 4 of the Swamp.
You worshipped Okawaru.
Okawaru was exalted by your worship.
You were hungry.

You visited 6 branches of the dungeon, and saw 32 of its levels.

You collected 2642 gold pieces.
You spent 1208 gold pieces at shops.

Inventory:

Hand Weapons
 p - the +7 broad axe of the Imperium (weapon) {freeze, rF+ rN+ Dex-2}
   (You acquired it on level 11 of the Dungeon)

   It has been specially enchanted to freeze those struck by it, causing extra
   injury to most foes and up to half again as much damage against particularly
   susceptible opponents.
   It can also slow down cold-blooded creatures.
   It affects your dexterity (-2).
   It protects you from fire.
   It protects you from negative energy.
Armour
 e - a +0 pair of boots (worn)
 m - the +2 pair of gloves of Cuyl (worn) {rF+ rCorr Str-2}
   (Okawaru gifted it to you on level 12 of the Dungeon)

   It affects your strength (-2).
   It protects you from fire.
   It provides partial protection from all sources of acid and corrosion.
 r - a +2 cloak of invisibility (worn)
 D - a +2 large shield of cold resistance
 K - the +0 helmet "Sumuh" (worn) {Regen+ Int+2}
   (You bought it in a shop on level 11 of the Dungeon)

   It affects your intelligence (+2).
   It increases your rate of regeneration.
 O - a +1 large shield of resistance (worn)
 P - the +1 helmet of the Lumpy Moons {MR+ Int+6}
   (You acquired it on level 2 of the Spider Nest)

   It affects your intelligence (+6).
   It affects your resistance to hostile enchantments.
 R - a +5 crystal plate armour (worn)
 T - the +4 hat of Free Expression {*Contam *Drain rF+++ rN++}
   (You acquired it on level 2 of the Spider Nest)

   It renders you almost immune to fire.
   It greatly protects you from negative energy.
   It causes magical contamination when unequipped.
   It causes draining when unequipped.
Jewellery
 x - a +5 ring of strength (left hand)
 y - an uncursed ring of resist corrosion
 G - an uncursed ring of positive energy
 I - a ring of protection from cold (right hand)
Wands
 b - a wand of paralysis (17)
 h - a wand of polymorph (5)
 n - a wand of acid (3)
 C - a wand of random effects (39)
 J - a wand of enslavement (3)
Scrolls
 a - 2 scrolls of brand weapon
 g - 3 scrolls of fog
 j - 3 scrolls of random uselessness
 l - 4 scrolls of teleportation
 o - a scroll of enchant weapon
 q - 8 scrolls of remove curse
 t - 4 scrolls of fear
 u - a scroll of magic mapping
 A - 4 scrolls of immolation
 E - a scroll of torment
 H - 6 scrolls of identify
 N - a scroll of summoning
 S - 4 scrolls of amnesia
Potions
 d - 4 potions of might
 i - 2 potions of invisibility
 k - 5 potions of haste
 s - a potion of magic
 v - a potion of brilliance
 w - a potion of cancellation
 z - 6 potions of agility
 B - 3 potions of mutation
 F - a potion of flight
 Q - a potion of resistance
Comestibles
 f - 32 rations


   Skills:
 * Level 13.3 Fighting
   Level 7.8 Short Blades
 - Level 18.0 Axes
 - Level 14.9 Armour
 - Level 9.5 Dodging
 - Level 15.5 Shields
 - Level 10.6 Invocations


You had 16 spell levels left.
You didn't know any spells.
Your spell library contained the following spells:

 Spells                   Type           Power        Failure   Level  Hunger
 Animate Skeleton         Necr           N/A          100%        1    ##.....
 Apportation              Tloc           #.....       100%        1    ##.....
 Confusing Touch          Hex            #.....       100%        1    ##.....
 Corona                   Hex            #......      100%        1    ##.....
 Flame Tongue             Conj/Fire      #....        100%        1    ##.....
 Summon Small Mammal      Summ           #...         100%        1    ##.....
 Slow                     Hex            #.......     100%        2    ###....
 Throw Flame              Conj/Fire      #.....       100%        2    ###....
 Conjure Flame            Conj/Fire      #.......     100%        3    ####...
 Inner Flame              Hex/Fire       #.......     100%        3    ####...
 Portal Projectile        Hex/Tloc       #.....       100%        3    ####...
 Cause Fear               Hex            #.........   100%        4    #####..
 Ice Form                 Ice/Tmut       #.......     100%        4    #####..
 Leda's Liquefaction      Hex/Erth       #.........   100%        4    #####..
 Sticky Flame             Conj/Fire      #.......     100%        4    #####..
 Fireball                 Conj/Fire      #.........   100%        5    ######.
 Metabolic Englaciation   Hex/Ice        #.........   100%        5    ######.
 Bolt of Cold             Conj/Ice       #.........   100%        6    #######
 Freezing Cloud           Conj/Ice/Air   #.........   100%        6    #######
 Ozocubu's Refrigeration  Ice            #.........   100%        6    #######
 Simulacrum               Ice/Necr       #.........   100%        6    #######


Dungeon Overview and Level Annotations

Branches:
Dungeon (15/15)            Temple (1/1) D:5            Lair (6/6) D:9
  Swamp (4/4) Lair:4       Spider (4/4) Lair:3          Orc (2/2) D:12
    Elf (0/3) Orc:2        Vaults (0/5) D:13         Depths (0/5) D:15
  Slime: Lair:5-6

Altars:
Ashenzari
Elyvilon
Fedhas
Gozag
Kikubaaqudgha
Makhleb
Nemelex Xobeh
Okawaru
Qazlal
Sif Muna
Trog
Uskayaw
Vehumet
Wu Jian
Xom
Yredelemnul
Zin
The Shining One

Shops:
D:5 *   D:6 !   D:11 *   D:12 *   Orc:1 }   Orc:2 [**[

Annotations:
D:8 exclusion: statue
Lair:6 exclusion: 2 oklob plants


Innate Abilities, Weirdness & Mutations

Shadows flee at your approach. (+LOS)
You can swim through water.
You cover ground slowly.
You can hop long distances.
You have large cloven feet.
You are partially covered in yellow scales. (AC +2)
You are resistant to hostile enchantments. (MR+)
You passively map a small area around you.


Message History

You're too confused to move!
You feel less invigorated.
You feel less confused.
* * * LOW HITPOINT WARNING * * *
You feel very sick.
The swamp dragon breathes poison at you.
You hear a roar!
Okay, then.
Okay, then.
Saving game... please wait.
Warning: Unknown monster: "cat3" (~/.crawlrc:126) Welcome back, COBRA the Barachi Fighter.
Okawaru says: Bring me glory in combat!
Press ? for a list of commands and other information.
Okay, then.
Okay, then.
Okay, then.
A swamp worm comes into view.
* * * LOW HITPOINT WARNING * * *
You feel very sick.
You die...

♣♣≈≈≈≈≈.≈♣♣♣.≈≈.≈.....≈.♣
♣.≈≈...≈≈♣♣.≈≈≈≈.≈≈≈≈≈≈≈♣
♣§≈≈..§≈≈♣≈.≈≈≈≈.≈≈≈≈§≈≈.
♣♣..≈.≈§.§≈..≈≈§..≈≈≈≈≈≈.
*♣/.≈.≈≈≈≈≈≈.≈≈≈≈≈≈≈≈≈≈≈.
♣≈≈≈♣(≈≈≈≈≈≈.≈≈.≈≈≈≈≈§≈..
♣.≈.♣♣.≈.≈≈≈.§.≈.≈≈≈≈≈≈≈.
♣♣♣ ♣..≈°≈.♣≈≈≈♣≈..≈≈≈≈≈
♣§≈@≈♣##♣♣≈≈.≈≈≈≈≈≈≈
♣♣♣♣≈≈♣# #♣♣§≈≈≈≈≈≈≈
♣♣♣.♣≈°♣# * #♣≈...≈≈≈
♣♣..°°○♣# * #♣.≈..§.
♣.≈≈○.♣# , , ♣≈≈≈≈!♣
♣.≈○○.#*, , *#♣≈..♣♣
♣.≈≈○♣# , , , #♣...≈.
♣..°w♣# , *♣≈≈≈≈.≈
♣♣.○§≈# *, ♣≈≈≈≈..


You could see a swamp worm.

Vanquished Creatures
  Asterion (Spider:1)
  Gastronok (D:11)
  2 thorn hunters
  Agnes (Spider:2)
  4 ghost moths (Spider:4)
  4 emperor scorpions
  2 very ugly things
  3 entropy weavers
  A dire elephant (D:15)
  15 hydras
  3 ghost crabs
  A death knight (D:12)
  A merfolk avatar (Lair:6)
  3 two-headed ogres
  2 dancing weapons (D:13)
  2 centaur warriors (D:15)
  13 alligators
  4 death yaks (Lair:6)
  3 spriggans (Swamp:4)
  3 orc high priests (Orc:2)
  A fire crab (shapeshifter) (D:13)
  A skeletal warrior (D:13)
  2 sea snakes (Lair:6)
  3 spriggan druids (Swamp:4)
  4 orc knights (Orc:2)
  A wolf spider zombie (D:15)
  A harpy (Lair:6)
  17 orb spiders
  8 orc sorcerers
  11 ugly things
  34 wolf spiders
  3 cyclopes
  2 manticores
  6 slime creatures (Swamp:3)
  8 elephants
  A centaur zombie (D:15)
  A gargoyle (D:15)
  2 torpor snails
  14 spiny frogs
  A molten gargoyle (D:13)
  4 centaur skeletons
  5 rime drakes
  10 komodo dragons
  An efreet (D:12)
  A freezing wraith (D:13)
  11 demonic crawlers
  6 trolls
  39 jumping spiders
  A wind drake (Lair:6)
  4 polar bears
  4 bog bodies
  16 hornets
  10 tyrant leeches
  Prince Ribbit (D:7)
  16 blink frogs
  5 dream sheep (Lair:6)
  17 hippogriffs
  A meliai zombie (D:13)
  62 redbacks
  A vampire (D:14)
  10 wyverns
  A wraith (D:13)
  25 tarantellas
  8 basilisks
  20 yaks
  A fire elemental (D:13)
  17 vampire mosquitoes
  2 hungry ghosts
  A warg (Orc:2)
  9 swamp worms
  12 insubstantial wisps
  10 water moccasins
  8 swamp drakes
  6 porcupines
  3 sky beasts
  20 orc warriors
  3 ice beasts
  6 phantoms
  An eye of draining (D:9)
  18 centaurs
  A tengu (shapeshifter) (D:14)
  13 ogres
  8 crocodiles
  2 big kobolds (D:7)
  12 bullfrogs
  5 scorpions
  A water moccasin skeleton (D:6)
  27 killer bees
  14 wights
  5 howler monkeys
  4 crimson imps
  A bullfrog zombie (D:5)
  10 hounds
  A bullfrog skeleton (D:9)
  16 orc priests
  6 jellies
  3 iguanas
  27 orc wizards
  4 worker ants
  A hound zombie (D:6)
  9 adders
  10 gnolls
  A shadow imp (D:5)
  An ooze (D:4)
  An adder skeleton (D:9)
  A dart slug (D:1)
  2 leopard geckos
  73 orcs
  A bat (D:1)
  3 giant cockroaches
  3 goblins
  A hobgoblin (D:1)
  3 jackals (D:2)
  16 kobolds
  4 quokkas
  A frilled lizard (D:1)
  A leopard gecko skeleton (D:7)
  6 briar patches (Swamp:4)
  A fire vortex (D:13)
  A fungus (Lair:6)
  4 plants
890 creatures vanquished.

Vanquished Creatures (others)
  A hydra (Swamp:2)
  A spiny frog (Swamp:2)
  3 jumping spiders (Spider:4)
  A redback (Spider:4)
  A swamp drake (Swamp:4)
  2 orcs (Orc:2)
  3 briar patches (Swamp:4)
  A fungus (Lair:6)
  3 plants (Lair:6)
16 creatures vanquished.

Grand Total: 906 creatures vanquished

Notes
Turn   | Place    | Note
-------+----------+-------------------------------------------
     0 | D:1      | COBRA the Barachi Fighter began the quest for the Orb.
     0 | D:1      | Reached XP level 1. HP: 18/18 MP: 1/1
    69 | D:1      | Reached skill level 3 in Axes
    69 | D:1      | Reached XP level 2. HP: 21/24 MP: 2/2
   178 | D:1      | Reached skill level 1 in Short Blades
   243 | D:2      | Reached XP level 3. HP: 26/29 MP: 3/3
   353 | D:4      | Reached XP level 4. HP: 30/36 MP: 4/4
   424 | D:5      | Entered Level 5 of the Dungeon
   435 | D:5      | Noticed a phantom
   533 | D:4      | Found an ornate altar of the Wu Jian Council.
   539 | D:4      | Found a burning altar of Makhleb.
   541 | D:4      | Found a shimmering altar of Xom.
   646 | D:4      | Reached XP level 5. HP: 34/41 MP: 5/5
   741 | D:5      | Noticed an ice beast
   753 | D:5      | Killed an ice beast
   753 | D:5      | Reached skill level 5 in Short Blades
   753 | D:5      | Reached XP level 6. HP: 24/47 MP: 6/6
  1362 | D:5      | Killed a phantom
  1362 | D:5      | Reached XP level 7. HP: 33/52 MP: 7/7
  1378 | D:5      | Found a sparkling altar of Nemelex Xobeh.
  1648 | D:5      | Reached skill level 5 in Fighting
  1738 | D:5      | Found Gaso's Mass Market.
  1798 | D:5      | Found a staircase to the Ecumenical Temple.
  1811 | Temple   | Entered the Ecumenical Temple
  1859 | Temple   | Became a worshipper of Warmaster Okawaru
  1967 | D:6      | Found Kecovo's Distillery.
  2011 | D:6      | Reached XP level 8. HP: 28/64 MP: 8/8
  2241 | D:6      | Reached skill level 4 in Axes
  2461 | D:6      | Reached skill level 5 in Axes
  2534 | D:7      | Reached skill level 6 in Axes
  2548 | D:7      | Noticed Prince Ribbit
  2561 | D:7      | Killed Prince Ribbit
  2561 | D:7      | Reached * piety under Okawaru
  2561 | D:7      | Reached skill level 7 in Axes
  2616 | D:7      | Reached skill level 1 in Invocations
  2888 | D:7      | Reached XP level 9. HP: 59/69 MP: 9/11
  3267 | D:7      | Reached skill level 5 in Invocations
  3412 | D:6      | Reached ** piety under Okawaru
  3420 | D:6      | Reached skill level 8 in Axes
  3786 | D:8      | Found a radiant altar of Vehumet.
  3809 | D:8      | Reached skill level 9 in Axes
  4046 | D:8      | Reached XP level 10. HP: 75/79 MP: 14/14
  4110 | D:9      | Reached *** piety under Okawaru
  4256 | D:9      | Reached skill level 1 in Dodging
  4603 | D:9      | Reached **** piety under Okawaru
  4607 | D:9      | Found a staircase to the Lair.
  4612 | D:9      | Reached skill level 5 in Armour
  4641 | D:9      | Reached skill level 5 in Shields
  4821 | D:10     | Entered Level 10 of the Dungeon
  4835 | D:10     | Reached XP level 11. HP: 67/89 MP: 12/15
  4893 | D:11     | Noticed a two-headed ogre
  4915 | D:10     | Found a hide-covered altar of Uskayaw.
  5083 | D:11     | Found Fokhlos's General Store.
  5100 | D:11     | Noticed Gastronok
  5116 | D:11     | Killed Gastronok
  5116 | D:11     | Reached ***** piety under Okawaru
  5116 | D:11     | Received a gift from Okawaru
  5160 | D:11     | Bought the +0 helmet "Sumuh" {Regen+ Int+2} for 204 gold
                  | pieces
  5216 | D:11     | Noticed a purple ugly thing
  5229 | D:11     | Killed a purple ugly thing
  5232 | D:11     | Identified a scroll of acquirement
  5233 | D:11     | Got a bloodstained broad axe
  5234 | D:11     | Identified the +7 broad axe of the Imperium {freeze, rF+
                  | rN+ Dex-2} (You acquired it on level 11 of the Dungeon)
  5280 | D:11     | Killed a two-headed ogre
  5280 | D:11     | Reached skill level 5 in Dodging
  5298 | D:11     | Noticed a purple ugly thing
  5305 | D:11     | Killed a purple ugly thing
  5313 | D:11     | Received a gift from Okawaru
  5384 | D:12     | Reached skill level 10 in Axes
  5401 | D:13     | Noticed a two-headed ogre
  5451 | D:12     | Noticed a two-headed ogre
  5456 | D:12     | Killed a two-headed ogre
  5456 | D:12     | Reached XP level 12. HP: 62/95 MP: 16/16
  5474 | D:12     | Found Gozag's Platinum Reserve.
  5484 | D:12     | Found an opulent altar of Gozag.
  5519 | D:12     | Found a staircase to the Orcish Mines.
  5527 | D:12     | Reached skill level 11 in Axes
  5535 | D:12     | Received a gift from Okawaru
  5541 | D:12     | Got a pair of spiked gloves {god gift}
  5571 | D:11     | Identified the +2 pair of gloves of Cuyl {rF+ rCorr Str-2}
                  | (Okawaru gifted it to you on level 12 of the Dungeon)
  5884 | D:13     | Reached skill level 12 in Axes
  5905 | D:13     | Gained mutation: Your body sometimes deteriorates upon
                  | taking damage. [potion of mutation]
  5905 | D:13     | Gained mutation: Your spells are a little easier to cast,
                  | but a little less powerful. [potion of mutation]
  5905 | D:13     | Gained mutation: You have a pair of small horns on your
                  | head. [potion of mutation]
  5905 | D:13     | Gained mutation: You expend magic power (3 MP) to
                  | strengthen your wands. [potion of mutation]
  5906 | D:13     | Lost mutation: You expend magic power (3 MP) to strengthen
                  | your wands. [potion of mutation]
  5906 | D:13     | Lost mutation: Your spells are a little easier to cast, but
                  | a little less powerful. [potion of mutation]
  5906 | D:13     | Lost mutation: Your body sometimes deteriorates upon taking
                  | damage. [potion of mutation]
  5906 | D:13     | Gained mutation: You passively map a small area around you.
                  | [potion of mutation]
  5906 | D:13     | Gained mutation: Scrolls take you a little longer to read.
                  | [potion of mutation]
  5906 | D:13     | Gained mutation: You possess an exceptional clarity of
                  | mind. [potion of mutation]
  5906 | D:13     | Gained mutation: You are partially covered in yellow
                  | scales. (AC +2) [potion of mutation]
  5907 | D:13     | Lost mutation: Scrolls take you a little longer to read.
                  | [potion of mutation]
  5907 | D:13     | Lost mutation: You have a pair of small horns on your head.
                  | [potion of mutation]
  5907 | D:13     | Lost mutation: You possess an exceptional clarity of mind.
                  | [potion of mutation]
  5907 | D:13     | Gained mutation: You have large cloven feet. [potion of
                  | mutation]
  5907 | D:13     | Gained mutation: You are resistant to hostile enchantments.
                  | (MR+) [potion of mutation]
  5934 | D:13     | Killed a two-headed ogre
  5937 | D:13     | Noticed a death knight
  5946 | D:13     | Reached skill level 13 in Axes
  5967 | D:12     | Killed a death knight
  6242 | Lair:1   | Entered Level 1 of the Lair of Beasts
  6254 | Lair:2   | Noticed a six-headed hydra
  6264 | Lair:2   | Killed a ten-headed hydra
  6317 | Lair:3   | Gained mutation: You can hop long distances. [Barachi
                  | growth]
  6317 | Lair:3   | Reached XP level 13. HP: 92/101 MP: 16/18
  6352 | Lair:3   | Found a hole to the Spider Nest.
  6571 | Lair:5   | Received a gift from Okawaru
  6683 | Lair:6   | Entered Level 6 of the Lair of Beasts
  6703 | Lair:6   | HP: 5/101 [komodo dragon (22)]
  6855 | Lair:6   | Reached skill level 10 in Invocations
  6942 | Lair:6   | Reached skill level 14 in Axes
  7007 | Lair:6   | Paralysed by a hornet for 3 turns
  7061 | Lair:6   | Reached ****** piety under Okawaru
  7284 | Lair:6   | Reached skill level 15 in Axes
  7305 | Lair:6   | Found the +2 hat of the Bear Spirit {Spirit, +Rage rN+
                  | MR++}
  7317 | Lair:6   | Reached XP level 14. HP: 49/108 MP: 21/21
  7675 | Lair:4   | Reached skill level 16 in Axes
  7754 | Lair:4   | Received a gift from Okawaru
  7784 | Lair:4   | Found a staircase to the Swamp.
  8201 | Orc:1    | Entered Level 1 of the Orcish Mines
  8201 | Orc:1    | Found Ziseplit's Gadget Boutique.
  8296 | Orc:2    | Entered Level 2 of the Orcish Mines
  8587 | Orc:2    | Reached skill level 10 in Armour
  8617 | Orc:2    | Found Iwoyqel's Antique Armour Emporium.
  8678 | Orc:2    | Received a gift from Okawaru
  8696 | Orc:2    | Found Jigackou's Antique Armour Shop.
  8708 | Orc:2    | Found Eluulis's Assorted Antiques.
  8714 | Orc:2    | Bought a knobbly opal ring for 130 gold pieces
  8714 | Orc:2    | Bought a scroll of fear for 91 gold pieces
  8715 | Orc:2    | Found Sasiuch's General Store.
  8742 | Orc:2    | Bought an embroidered cloak for 262 gold pieces
  8742 | Orc:2    | Bought a pair of crude gloves for 332 gold pieces
  8742 | Orc:2    | Identified the +0 pair of gloves of the Pink Corner {rN+}
                  | (You bought it in a shop on level 2 of the Orcish Mines)
  8765 | Orc:2    | Bought a scroll of blinking for 135 gold pieces
  8765 | Orc:2    | Bought a potion of curing for 54 gold pieces
  9200 | D:15     | Entered Level 15 of the Dungeon
  9258 | D:15     | Reached XP level 15. HP: 111/113 MP: 22/22
  9290 | D:15     | Reached skill level 10 in Shields
  9348 | D:15     | Found a staircase to the Depths.
  9697 | D:13     | Found a gate to the Vaults.
  9720 | D:14     | Found a stormy altar of Qazlal.
  9967 | Spider:1 | Entered Level 1 of the Spider Nest
  9987 | Spider:1 | Received a gift from Okawaru
  9998 | Lair:3   | Reached skill level 17 in Axes
 10597 | Spider:1 | Received a gift from Okawaru
 10601 | Spider:1 | Reached skill level 18 in Axes
 10620 | Spider:1 | Received a gift from Okawaru
 10621 | Spider:1 | Found the +2 robe of Vines {NoPotionHeal Regen+7}
 10848 | Spider:1 | Noticed Asterion
 10882 | Spider:1 | Killed Asterion
 10927 | Spider:2 | Reached XP level 16. HP: 88/120 MP: 23/23
 10940 | Spider:2 | Got a heavily runed hat
 10942 | Spider:2 | Got a distressingly furry helmet
 10943 | Spider:2 | Identified the +1 helmet of the Lumpy Moons {MR+ Int+6}
                  | (You acquired it on level 2 of the Spider Nest)
 10944 | Spider:2 | Identified the +4 hat of Free Expression {*Contam *Drain
                  | rF+++ rN++} (You acquired it on level 2 of the Spider Nest)
 10987 | Spider:2 | Noticed Agnes
 10996 | Spider:2 | Killed Agnes
 11114 | Spider:4 | Entered Level 4 of the Spider Nest
 11747 | Spider:4 | Received a gift from Okawaru
 12130 | Spider:4 | Reached XP level 17. HP: 63/126 MP: 0/24
 12150 | Spider:4 | Got a gossamer rune of Zot
 12239 | Spider:2 | Reached skill level 15 in Shields
 12269 | Spider:2 | Received a gift from Okawaru
 12408 | Swamp:1  | Entered Level 1 of the Swamp
 12520 | Swamp:1  | Received a gift from Okawaru
 12937 | Swamp:3  | Reached skill level 10 in Fighting
 13053 | Swamp:4  | Entered Level 4 of the Swamp
 13537 | Swamp:3  | Received a gift from Okawaru
 13852 | Swamp:4  | HP: 3/137 [poisoned by a swamp dragon (poison gas)]
 13859 | Swamp:4  | HP: 6/137 [poisoned by a swamp dragon (poison gas)]
 13860 | Swamp:4  | HP: 1/137 [poisoned by a swamp dragon (poison gas)]
 13861 | Swamp:4  | Succumbed to a swamp dragon's poison gas

Levels and vault maps discovered:
D:1:      lightli_arrival_quake, layout_basic, st_stairs_5
D:2:      layout_basic
D:3:      gammafunk_steamed_eel, layout_basic, overflow_temple_1_default,
          marbit_many_paths, chequers_temple_overflow_statue_of_worship,
          minivault_24, minmay_starry_boxes
D:4:      layout_loops_corners, minitemple, first_ration, saegor_snake_ambush
D:5:      layout_basic, minmay_temple_entry_fiery, minmay_shop_mass,
          nemelex_xobeh_ov_fountains_minmay
D:6:      layout_layer_cave, serial_shops, shop,
          grunt_dithmenos_smoke_and_mirrors
D:7:      layout_loops_corners, uniq_prince_ribbit1
D:8:      layout_loops_ring, lemuel_doored_altar, vehumet_statue
D:9:      layout_rooms, lair_entry_dummy
D:10:     minmay_the_grid_triangle_9x9_recursive_2
          [minmay_the_grid_triangle_9x9_prize_insulated,
          minmay_the_grid_triangle_9x9_impossible_snake,
          minmay_the_grid_triangle_9x9_descending_squares,
          minmay_the_grid_triangle_9x9_zippers_horizontal], layout_long_grid,
          basic_altar
D:11:     layout_small_grid, serial_shops, shop_statue, hangedman_fish_farm,
          uniq_gastronok
D:12:     layout_loops_ring, david_orc_3, nicolae_gozag_zags_fifth_avenue
D:13:     layout_big_octagon, erik_vaults_1
D:14:     layout_long_grid, nicolae_qazlal_style_of_elements
D:15:     hangedman_depths_entry_try_elsewhere_first, layout_basic,
          columned_hall_lemuel
Temple:   cyrus_circular_temple
Lair:1:   layout_regular_city, serial_bayou_shore_b
Lair:2:   layout_chaotic_city, grunt_forest_large_clearing_hut,
          grunt_megastairs_1, infiniplex_staircase_pool_2
Lair:3:   layout_gridlike, spider_nest_entry_web_field, lemuel_oklob_altar,
          lemuel_fruit_tree, grunt_megastairs_5
Lair:4:   layout_roguey, swamp_mist_pool, special_room
          [special_room_mythical_zoo]
Lair:5:   layout_cave_pods
Lair:6:   gammafunk_lair_ancient_temple, layout_misc_corridors,
          minmay_slime_entry_oklob_open, chequers_serial_rivers_micro_b
Swamp:1:  layout_basic_swamp, evilmike_swamp_ruin_house_1, swamp_pool4,
          infiniplex_staircase_pool
Swamp:2:  layout_basic_swamp, evilmike_swamp_ruin_house_5
Swamp:3:  layout_falls_marsh, nicolae_swamp_round_clearing,
          cheibrodos_swamp_slimy
Swamp:4:  swamp, layout_basic_swamp, swamp_pool1
Spider:1: layout_spider_delve, uniq_asterion
Spider:2: layout_spider_delve, drop_trap, uniq_roxanne, uniq_arachne, uniq_agnes
Spider:3: layout_spider_delve
Spider:4: spider_rune_water, drop_trap
Orc:1:    nicolae_orc_accident_3, layout_caves, serial_shops, nicolae_shop_trees
Orc:2:    st_orc_elflike, layout_caves, statue_in_the_mist_lemuel

Skill      XL: |  1  2  3  4  5  6  7  8  9 10 11 12 13 14 15 16 17 |
---------------+----------------------------------------------------+-----
Axes           | 3 7 9 10 13 15 16 18 | 18.0
Short Blades   | 1 3 4 5 7 |  7.8
Fighting       | 5 7 9 13 | 13.3
Invocations    | 3 5 7 10 | 10.6
Dodging        | 3 7 9 |  9.5
Armour         | 6 8 12 13 14 | 14.9
Shields        | 5 8 9 11 14 15 | 15.5

Action                   |  1- 3 |  4- 6 |  7- 9 | 10-12 | 13-15 | 16-18 || total
-------------------------+-------+-------+-------+-------+-------+-------++-------
Melee: War axe           |     9 |       |   362 |   231 |       |       ||   602
       Short sword       |    41 |   146 |    55 |       |       |       ||   242
       Broad axe         |       |       |       |   170 |   953 |   759 ||  1882
       Kick              |       |       |       |    13 |       |       ||    13
Invok: Heroism           |       |       |     4 |    19 |    10 |     4 ||    37
       Finesse           |       |       |       |       |     6 |     5 ||    11
 Abil: Hop               |       |       |       |     3 |     1 |     5 ||     9
  Use: Scroll            |       |       |    16 |    13 |    13 |    20 ||    62
       Potion            |       |       |     2 |     5 |     4 |    14 ||    25
 Stab: Held in net/web   |       |       |       |       |       |     1 ||     1
       Confused          |       |       |       |       |       |     4 ||     4
  Eat: Ration            |       |     1 |     1 |     2 |     1 |     1 ||     6
       Chunk             |       |       |    10 |     8 |    15 |     7 ||    40
Armor: Scale mail        |    22 |    66 |    65 |       |       |       ||   153
       Chain mail        |       |       |   126 |   145 |       |       ||   271
       Plate armour      |       |       |       |    70 |   180 |       ||   250
       Crystal plate arm |       |       |       |       |   418 |   719 ||  1137
Dodge: Dodged            |    14 |    38 |    85 |   177 |   265 |   187 ||   766
Block: Shield            |    17 |    65 |   179 |   329 |   532 |     2 ||  1124
       Large shield      |       |       |       |       |       |   829 ||   829

Table legend:
 A = Non-vault XP
 B = Vault XP
 C = Vault XP percentage of total XP
 D = Non-vault monster count
 E = Vault monster count
 F = Vault count percentage of total count
                 A         B        C        D         E       F
            +---------+---------+-------+---------+---------+-------
      Total |  175816 |   65189 |  27.0 |     729 |     155 |  17.5
            +---------+---------+-------+---------+---------+-------
        D:1 |      14 |       4 |  22.2 |       7 |       2 |  22.2
        D:2 |      15 |       0 |   0.0 |       8 |       0 |   0.0
        D:3 |       2 |       0 |   0.0 |       1 |       0 |   0.0
        D:4 |     180 |       0 |   0.0 |      12 |       0 |   0.0
        D:5 |     901 |       0 |   0.0 |      25 |       0 |   0.0
        D:6 |     638 |       0 |   0.0 |      14 |       0 |   0.0
        D:7 |    1983 |     259 |  11.6 |      47 |       1 |   2.1
        D:8 |    1038 |       0 |   0.0 |      27 |       0 |   0.0
        D:9 |    4090 |       0 |   0.0 |      48 |       0 |   0.0
       D:10 |    1017 |       0 |   0.0 |       7 |       0 |   0.0
       D:11 |    5416 |    2089 |  27.8 |      45 |       1 |   2.2
       D:12 |    4848 |     410 |   7.8 |      23 |       5 |  17.9
       D:13 |    6155 |    1808 |  22.7 |      25 |       2 |   7.4
       D:14 |    1139 |       0 |   0.0 |       9 |       0 |   0.0
       D:15 |    9055 |    3218 |  26.2 |      23 |       4 |  14.8
     Lair:1 |     438 |       0 |   0.0 |       3 |       0 |   0.0
     Lair:2 |    3518 |     112 |   3.1 |       8 |       1 |  11.1
     Lair:3 |    5733 |    2064 |  26.5 |      18 |       8 |  30.8
     Lair:4 |    2830 |    5109 |  64.4 |      12 |      20 |  62.5
     Lair:5 |    2630 |       0 |   0.0 |      10 |       0 |   0.0
     Lair:6 |   11546 |   10162 |  46.8 |      35 |      25 |  41.7
    Swamp:1 |    3434 |       0 |   0.0 |       7 |       0 |   0.0
    Swamp:2 |   16504 |       0 |   0.0 |      38 |       0 |   0.0
    Swamp:3 |   15388 |     524 |   3.3 |      32 |       1 |   3.0
    Swamp:4 |   12897 |    4289 |  25.0 |      33 |      10 |  23.3
   Spider:1 |   23987 |    2553 |   9.6 |      69 |       1 |   1.4
   Spider:2 |    6482 |    2007 |  23.6 |      18 |       1 |   5.3
   Spider:3 |   10885 |       0 |   0.0 |      28 |       0 |   0.0
   Spider:4 |   18757 |   22020 |  54.0 |      48 |      42 |  46.7
      Orc:1 |    1317 |     282 |  17.6 |      18 |       6 |  25.0
      Orc:2 |    2979 |    8279 |  73.5 |      31 |      25 |  44.6
            +---------+---------+-------+---------+---------+-------
